 Dungeon Crawl Stone Soup version 0.29-a0-231-g945431f764 (webtiles) character file.

Game seed: 5348895674113230609

5334 drugrobin the Cleaver (level 10, -1/88 HPs)
             Began as a Demigod Fighter on Feb 28, 2022.
             Slain by a seven-headed hydra (11 damage)
             ... on level 9 of the Dungeon.
             The game lasted 00:20:57 (8875 turns).

drugrobin the Cleaver (Demigod Fighter)             Turns: 8875, Time: 00:20:58

Health: -1/88      AC: 13    Str: 29    XL:     10   Next: 16%
Magic:  13/13      EV: 10    Int: 16    God:
Gold:   722        SH:  5    Dex: 20    Spells: 9/9 levels left

rFire   . . .      SeeInvis .   a - +0 war axe
rCold   + . .      Faith    .   c - +0 buckler
rNeg    . . .      Spirit   .   O - +0 steam dragon scales
rPois   .          Reflect  .   F - +0 helmet
rElec   .          Harm     .   e - +2 cloak
rCorr   .          Rampage  .   (no gloves)
Will    +....                   (no boots)
Stlth   ++........              H - amulet of regeneration
HPRegen 1.04/turn               B - ring of Onumn {rC+ AC+4 Dex+7}
MPRegen 0.13/turn               E - +6 ring of intelligence

@: about to teleport
A: high MP 1, forlorn, divine attributes
a: no special abilities


You were on level 9 of the Dungeon.
You visited 1 branch of the dungeon, and saw 9 of its levels.
You also visited: Sewer and Ossuary.

You collected 750 gold pieces.
You spent 28 gold pieces at shops.

Inventory:

Hand Weapons
 a - a +0 war axe (weapon)
 b - a +0 hunting sling
 f - a +0 hand axe
Missiles
 l - 318 stones
 y - 5 curare-tipped darts
 D - 6 boomerangs (quivered)
 L - 18 poisoned darts
 M - 5 silver javelins
Armour
 c - a +0 buckler (worn)
 e - a +2 cloak (worn)
 n - the +0 robe of Zidueheaq {Regen+ Dex+2 SInv}
   (You found it on level 2 of the Dungeon)

   Dex:       It affects your dexterity (+2).
   SInv:      It lets you see invisible.
   Regen:     It increases your rate of health regeneration.
 F - a +0 helmet (worn)
 O - +0 steam dragon scales (worn)
 P - a +0 leather armour of willpower
Jewellery
 B - the ring of Onumn (left hand) {rC+ AC+4 Dex+7}
   (You took it off an orc sorcerer on level 9 of the Dungeon)

   [ring of protection]

   AC:        It affects your AC (+4).
   Dex:       It affects your dexterity (+7).
   rC:        It protects you from cold.
 E - a +6 ring of intelligence (right hand)
 H - an amulet of regeneration (around neck)
 R - a ring of positive energy
Wands
 G - a wand of acid (9)
 S - a wand of flame (6)
Scrolls
 g - 4 scrolls of teleportation
 h - 2 scrolls of immolation {unknown}
 k - 2 scrolls of torment {unknown}
 o - 2 scrolls of amnesia {unknown}
 p - a scroll of silence {unknown}
 s - 2 scrolls of magic mapping {unknown}
 w - 4 scrolls of noise {unknown}
 A - 2 scrolls of enchant armour {unknown}
 C - 2 scrolls of fear {unknown}
 I - 2 scrolls of summoning {unknown}
 J - 4 scrolls of blinking {unknown}
Potions
 d - 3 potions of might
 i - a potion of cancellation
 j - 4 potions of brilliance
 m - 4 potions of mutation
 q - a potion of attraction
 r - 2 potions of ambrosia
 t - 2 potions of lignification
 u - 3 potions of heal wounds
 v - 2 potions of berserk rage {unknown}
 x - 3 potions of haste
 z - 7 potions of curing {unknown}
 K - a potion of resistance {unknown}
 N - a potion of invisibility {unknown}
 Q - a potion of flight {unknown}
Miscellaneous
 T - a condenser vane (inert)


   Skills:
 + Level 8.1 Fighting
 + Level 12.1 Axes
 - Level 2.7 Armour
 - Level 2.6 Shields


You had 9 spell levels left.
You didn't know any spells.
Your spell library contained the following spells:

 Spells                   Type           Power      Damage    Failure   Level
 Inner Flame              Hex/Fire       0%         N/A       69%         3
 Portal Projectile        Hex/Tloc       0%         N/A       69%         3
 Cause Fear               Hex            0%         N/A       97%         4
 Blade Hands              Tmut           0%         N/A       100%        5
 Excruciating Wounds      Necr           0%         N/A       100%        5
 Conjure Ball Lightning   Conj/Air       0%         3x3d6     100%        6
 Discord                  Hex            0%         N/A       100%        8
 Disjunction              Tloc           0%         N/A       100%        8


Dungeon Overview and Level Annotations

Branches:
Dungeon (9/15)             Temple (0/1) D:7           Sewer (visited)
Ossuary (visited)
   Lair: D:8-11         Orc: D:9-12

Shops:
D:1 *

Annotations:
D:3 dig vault


Innate Abilities, Weirdness & Mutations

You have an increased reservoir of magic. (+10% MP)
You shall have no god before yourself.
Your divine heritage dramatically boosts your attributes as you level up.


Message History

You block the seven-headed hydra's attack.
The seven-headed hydra bites you. x2; The seven-headed hydra bites you!
The seven-headed hydra bites you.
You block the seven-headed hydra's attack.
The seven-headed hydra bites you.
Unknown command.
Aiming: Throw Flame
Press: ? - help, Shift-Dir - straight line, f/p - seven-headed hydra
Aim: a seven-headed hydra (lightly wounded, 89% to hit)
The puff of flame hits the seven-headed hydra!
The seven-headed hydra is severely wounded.
The seven-headed hydra bites you but does no damage. x2
The seven-headed hydra bites you! x2
You block the seven-headed hydra's attack.
The seven-headed hydra barely misses you.
The seven-headed hydra bites you but does no damage.
A white ugly thing comes into view.
Unknown command.
Okay, then.
Clouds of noxious fumes condense around you!
The condenser dries out!
The seven-headed hydra barely misses you.
The seven-headed hydra bites you but does no damage.
The seven-headed hydra bites you.
The seven-headed hydra bites you but does no damage. x2
The seven-headed hydra bites you!
* * * LOW HITPOINT WARNING * * *
The seven-headed hydra bites you!
* * * LOW HITPOINT WARNING * * *
The white ugly thing is engulfed in noxious fumes.
The white ugly thing appears confused.
Unknown command.
Unknown command.
Unknown command.
Unknown command.
Unknown command.
As you read the scroll labelled TOLIRI DAEBBUSH, it crumbles to dust.
You feel strangely unstable.
It was a scroll of teleportation.
The seven-headed hydra bites you!
You die...

.. #. #.# .. #.# .
..#### .# #.#@§##.#
#.#§D#.#
###########.###D#
............##.#§#
..............#.#§#
###########.##.#.#§#
#.# #.#.#§# #.#
#.#.#§.
##############.#
#.##.|#


You could see 2 seven-headed hydras.

Vanquished Creatures
  A deep elf zephyrmancer (D:9)
  An orc sorcerer (D:9)
  A kobold demonologist (D:8)
  Maggie (D:6)
  A hornet (D:8)
  A wyvern (D:8)
  5 water moccasins
  3 orc warriors
  2 ice beasts
  3 sky beasts
  2 black bears
  2 ogres
  2 centaurs (D:8)
  2 kobold brigands (D:8)
  A scorpion (D:4)
  3 bullfrogs
  2 necrophages
  4 wights (D:7)
  8 killer bees
  A howler monkey (D:8)
  3 hounds
  A jelly (D:4)
  Crazy Yiuf (D:3)
  4 iguanas
  5 orc wizards
  A hell rat (Sewer)
  8 mummies (Ossuary)
  4 gnolls (D:5)
  5 adders
  4 river rats (Sewer)
  4 white imps
  2 worms (D:4)
  18 orcs
  5 ball pythons
  4 bats
  7 endoplasms
  10 giant cockroaches
  A gnoll zombie (Ossuary)
  5 goblins
  7 hobgoblins
  8 jackals
  16 kobolds
  8 quokkas
  2 frilled lizards
  2 kobold zombies (Ossuary)
  5 orc zombies (Ossuary)
  14 rats
200 creatures vanquished.

Notes
Turn   | Place    | Note
-------+----------+-------------------------------------------
     0 | D:1      | drugrobin the Demigod Fighter began the quest for the Orb.
     0 | D:1      | Reached XP level 1. HP: 18/18 MP: 3/3
   103 | D:1      | Reached skill level 2 in Axes
   373 | D:1      | Reached XP level 2. HP: 23/25 MP: 4/4
   584 | D:1      | Found Ydeff's General Store.
   589 | D:1      | Bought a scroll of identify for 28 gold pieces
   645 | D:1      | Reached skill level 3 in Axes
   992 | D:2      | Identified the +0 robe of Zidueheaq {Regen+ Dex+2 SInv}
  1001 | D:2      | Reached XP level 3. HP: 30/30 MP: 5/5
  2269 | D:3      | Found a runed translucent door.
  2270 | D:3      | Noticed Crazy Yiuf
  2630 | D:3      | Noticed an ogre
  2645 | D:3      | Killed an ogre
  2646 | D:3      | Reached skill level 4 in Axes
  2646 | D:3      | Reached XP level 4. HP: 37/37 MP: 6/6
  2902 | D:3      | Killed Crazy Yiuf
  2903 | D:3      | Reached skill level 5 in Axes
  2903 | D:3      | Reached XP level 5. HP: 40/42 MP: 7/7
  3619 | D:4      | Noticed a water moccasin
  3634 | D:4      | Killed a water moccasin
  3635 | D:4      | Reached skill level 6 in Axes
  3635 | D:4      | Reached XP level 6. HP: 44/50 MP: 8/8
  3708 | D:4      | Reached skill level 7 in Axes
  4266 | D:4      | Reached XP level 7. HP: 56/56 MP: 9/9
  4401 | D:5      | Entered Level 5 of the Dungeon
  4460 | D:5      | Reached skill level 8 in Axes
  4817 | D:5      | Reached skill level 9 in Axes
  4900 | D:5      | Found a glowing drain.
  4925 | Sewer    | Entered a sewer
  5020 | Sewer    | Reached XP level 8. HP: 47/61 MP: 10/10
  5626 | D:6      | Noticed Maggie
  6209 | D:6      | Killed Maggie
  6210 | D:6      | Reached skill level 10 in Axes
  6384 | D:7      | Reached skill level 5 in Fighting
  6596 | D:6      | Reached XP level 9. HP: 74/74 MP: 11/11
  6758 | D:7      | Found a staircase to the Ecumenical Temple.
  7172 | D:8      | Reached skill level 11 in Axes
  7319 | D:8      | Found a sand-covered staircase.
  7326 | Ossuary  | Entered an ossuary
  7929 | D:9      | Noticed a deep elf zephyrmancer
  7931 | D:9      | Identified the ring of Onumn {rC+ AC+4 Dex+7}
  7931 | D:9      | Noticed an orc sorcerer
  7933 | D:9      | Noticed a kobold demonologist
  7935 | D:9      | Noticed an ice devil
  7938 | D:9      | Killed a deep elf zephyrmancer
  8190 | D:8      | Killed a kobold demonologist
  8191 | D:8      | Reached XP level 10. HP: 84/88 MP: 13/13
  8516 | D:9      | Noticed a sun demon
  8645 | D:9      | Killed an orc sorcerer
  8646 | D:9      | Reached skill level 12 in Axes
  8864 | D:9      | Noticed a seven-headed hydra
  8864 | D:9      | Noticed a seven-headed hydra
  8873 | D:9      | Noticed a white ugly thing
  8875 | D:9      | Slain by a seven-headed hydra

Illustrated notes

Levels and vault maps discovered:
D:1:      dpeg_arrival_three_same_balls, layout_basic, serial_shops, shop,
          hellmonk_ecumenical_altar_lost_god, grunt_decor_cap
D:2:      layout_basic, kennysheep_cross_bottleneck, kennysheep_generic_room_9
D:3:      layout_basic, st_stairs_2, nrook_campfire, minmay_statues_item,
          minmay_misc_feat_tower, minmay_misc_feat_hallway, due_unseen_surprise,
          uniq_crazy_yiuf_cottage
D:4:      minmay_recursive_quarters, layout_basic,
          mainiacjoe_overflow_six_doors_small, serial_co_window_serial,
          co_window_corner_a, co_window_paths_b, co_window_corner_a,
          co_window_corner_a, co_window_corner_a, co_window_paths_b,
          co_window_paths_a, co_window_2corner, co_window_broadway_b,
          co_window_corner_cb, co_window_paths_e, glass_columns_a,
          glass_columns_c, glass_columns_b, glass_columns_c
D:5:      layout_gridville, gup_sewer_entry_pipe, amethyst_killhole
D:6:      layout_basic, minmay_misc_feat_pillars, uniq_maggie
D:7:      layout_cave_pools, minmay_temple_entry_poolview
D:8:      layout_basic, okawaru_ov_weapons_minmay, chequers_ossuary_entry_cave,
          hangedman_decor_clover_reticule, minmay_liquid_box
D:9:      minmay_the_grid_4x2 [minmay_the_grid_rooms,
          minmay_the_grid_outer_diamond, minmay_the_grid_zigzag_pyramid,
          minmay_the_grid_x, minmay_the_grid_armoury,
          minmay_the_grid_aliased_spiral, minmay_the_grid_tri_star,
          minmay_the_grid_prize_four_corners_diamond_b], layout_long_grid,
          kiku_gazebo_garden_becter, hangedman_misty_isle

Skill      XL: |  1  2  3  4  5  6  7  8  9 10 |
---------------+-------------------------------+-----
Axes           | 2 3 4 5 6 7 9 10 11 12 | 12.1
Fighting       | 5 7 8 |  8.1
Armour         | |  2.7
Shields        | |  2.6

Action                   |  1- 3 |  4- 6 |  7- 9 | 10-12 || total
-------------------------+-------+-------+-------+-------++-------
Melee: Hand axe          |    35 |       |       |       ||    35
       War axe           |    92 |   100 |   361 |    40 ||   593
 Fire: Hunting sling     |     5 |       |       |       ||     5
Throw: Stone             |     3 |       |       |       ||     3
       Dart              |     2 |     5 |    15 |     3 ||    25
       Boomerang         |       |     2 |    28 |       ||    30
       Javelin           |       |       |     4 |       ||     4
Evoke: Wand              |       |       |     2 |     6 ||     8
       Condenser vane    |       |       |       |     1 ||     1
  Use: Scroll            |     1 |     3 |     5 |     1 ||    10
 Stab: Sleeping          |     3 |     1 |       |       ||     4
       Distracted        |       |     1 |       |       ||     1
Armor: Scale mail        |    46 |       |    24 |       ||    70
       Robe              |    15 |    21 |    15 |       ||    51
       Steam dragon scal |       |       |    69 |    33 ||   102
Dodge: Dodged            |    57 |    54 |   153 |    29 ||   293
Block: Buckler           |    23 |    22 |    71 |    13 ||   129

Table legend: (Time is in decaauts)
 A = Elapsed time spent in this place.
 B = Non-inter-level travel time spent in this place.
 C = Inter-level travel time spent in this place.
 D = Time resting spent in this place.
 E = Time spent auto-exploring this place.
 F = Levels seen in this place.
 G = Mean time per level.
                   A        B        C        D        E       F      G
               +--------+--------+--------+--------+--------+-----+--------+
         Total |   8999 |   8501 |    498 |    587 |   5363 |  11 |  818.1 |
       Dungeon |   8612 |   8114 |    498 |    573 |   5203 |   9 |  956.9 |
         Sewer |    148 |    148 |      0 |     14 |     21 |   1 |  148.0 |
       Ossuary |    238 |    238 |      0 |      0 |    138 |   1 |  238.0 |
               +--------+--------+--------+--------+--------+-----+--------+

Top non-repeatable levels by time:
     D:4: 1467 daAuts
     D:3: 1256 daAuts
     D:8: 1190 daAuts
     D:6: 967 daAuts
     D:5: 949 daAuts
     D:1: 934 daAuts
     D:2: 808 daAuts
     D:7: 741 daAuts
     D:9: 296 daAuts
 Ossuary: 238 daAuts
   Sewer: 148 daAuts
